 Dungeon Crawl Stone Soup version 0.24.0-13-gcf9b3192b9 (webtiles) character file.

Game seed: 5538675131685795748, levelgen mode: deterministic

6531 Monsterracer the Cleaver (level 10, -3/90 (91) HPs)
             Began as a Minotaur Conjurer on Nov 7, 2019.
             Was a Follower of Uskayaw.
             Slain by an ettin
             ... wielding a +0 dire flail
              (9 damage)
             ... on level 9 of the Dungeon.
             The game lasted 00:21:04 (14784 turns).

Monsterracer the Cleaver (Minotaur Conjurer)       Turns: 14784, Time: 00:21:05

HP:   -3/90 (91)    AC: 16    Str: 15    XL:     10   Next: 69%
MP:   13/13         EV:  9    Int: 12    God:    Uskayaw [*.....]
Gold: 323           SH:  0    Dex: 12    Spells: 11/11 levels left

rFire    . . .     SeeInvis .   a - +1 war axe
rCold    . . .     Gourm    +   (no shield)
rNeg     . . .     Faith    .   n - +0 shadow dragon scales
rPois    +         Spirit   .   (helmet restricted)
rElec    .         Reflect  .   (no cloak)
rCorr    .         Harm     .   d - +2 pair of gloves
MR       .....                  (no boots)
Stlth    +++.......             y - amulet of the gourmand
HPRegen  0.25/turn              P - ring of poison resistance
MPRegen  0.13/turn              j - +2 ring of evasion

@: no status effects
A: retaliatory headbutt, horns 2
a: Stomp, Renounce Religion


You were on level 9 of the Dungeon.
You worshipped Uskayaw.
Uskayaw was noncommittal.
You were very full.

You visited 3 branches of the dungeon, and saw 12 of its levels.
You also visited: Bailey.

You collected 503 gold pieces.
You spent 180 gold pieces at shops.

Inventory:

Hand Weapons
 a - a +1 war axe (weapon)
   (You found it on level 2 of the Dungeon)
 b - a +0 flail of protection
   (You found it on level 8 of the Dungeon)
 h - a +2 dire flail
   (You took it off a wight on level 7 of the Dungeon)
Armour
 d - a +2 pair of gloves (worn)
   (You found it on level 1 of the Dungeon)
 n - +0 shadow dragon scales (worn)
   (You found it on level 5 of the Dungeon)
Jewellery
 j - a +2 ring of evasion (right hand)
   (You took it off an orc on level 4 of the Dungeon)
 y - an amulet of the gourmand (around neck)
   (You found it on level 4 of the Dungeon)
 P - a ring of poison resistance (left hand)
   (You found it on level 6 of the Dungeon)
 S - an uncursed ring of see invisible
   (You found it on level 3 of the Dungeon)
Wands
 k - a wand of acid (24)
   (You found it on level 3 of the Dungeon)
 o - a wand of digging (7)
   (You took it off an orc on level 7 of the Dungeon)
 w - a wand of iceblast (10)
   (You took it off an orc wizard on level 7 of the Dungeon)
 x - a wand of disintegration (5)
   (You took it off an orc on level 7 of the Dungeon)
 A - a wand of enslavement (8)
   (You took it off an orc on level 9 of the Dungeon)
Scrolls
 l - 2 scrolls of enchant armour
 m - a scroll of magic mapping
 p - 2 scrolls of enchant weapon
 q - a scroll of fog {!r}
 r - 7 scrolls of remove curse
 t - 2 scrolls of teleportation {!r}
Potions
 e - 3 potions of curing
 g - a potion of agility
 i - 2 potions of lignification
 s - a potion of flight
 v - a potion of mutation {unknown}
 B - a potion of ambrosia {unknown}
Miscellaneous
 z - a phantom mirror
Comestibles
 c - 16 rations


   Skills:
 + Level 9.1 Fighting
 * Level 12.5 Axes
 + Level 7.8 Armour
 - Level 2.1 Dodging
 - Level 1.5 Stealth
 - Level 1.3 Spellcasting
   Level 2.9 Conjurations
 + Level 5.5 Invocations
 + Level 3.4 Evocations


You had 11 spell levels left.
You didn't know any spells.
Your spell library contained the following spells:

 Spells                   Type           Power        Failure   Level  Hunger
 Magic Dart               Conj           #...         77%         1    ##.....
 Searing Ray              Conj           #.....       88%         2    ###....
 Sting                    Conj/Pois      #...         92%         1    ##.....
 Poisonous Vapours        Pois/Air       #.....       99%         2    ###....
 Dazzling Spray           Conj/Hex       #.....       100%        3    ####...
 Mephitic Cloud           Conj/Pois/Air  #.......     100%        3    ####...
 Force Lance              Conj/Tloc      #.......     100%        4    #####..
 Fulminant Prism          Conj/Hex       #.........   100%        4    #####..
 Iskenderun's Mystic Bla  Conj           #.......     100%        4    #####..
 Olgreb's Toxic Radiance  Pois           #.......     100%        4    #####..
 Venom Bolt               Conj/Pois      #.........   100%        5    ######.


Dungeon Overview and Level Annotations

Branches:
Dungeon (10/15)            Temple (0/1) D:7            Lair (1/6) D:10
    Orc (1/2) D:9          Bailey (visited)

Altars:
Dithmenos
Kikubaaqudgha
Qazlal
Ru
Uskayaw
Vehumet
Xom
Zin

Shops:
D:6 :

Annotations:
D:10 Gastronok


Innate Abilities, Weirdness & Mutations

You reflexively headbutt those who attack you in melee.
You have a pair of horns on your head.


Message History

You feel yourself speed up.
You start resting.
You recover from your berserk rage.
You start resting.
HP restored.
(D) Dungeon (T) Temple (L) Lair (O) Orcish Mines
Where to? (Enter - D:9, ? - help)
What level of the Orcish Mines? (default 1, ? - help)
You see here a long sword.
There is a staircase to the Orcish Mines here.
You climb downwards.
Welcome to the Orcish Mines!
A warg and 9 orcs come into view.
An orc wizard is wielding a +3 dagger of holy wrath.
The orc sorcerer is wielding a +2 dagger of speed.
The orc knight shouts!
The orc priest shouts! x2; The orc shouts!
The warg howls!
The orc warrior shouts!
You hear a shout!
The orc wizard shouts!
The orc shouts!
You hear a shout! x2
Found 72 gold pieces.
Found a stone staircase leading down.
There is a staircase back to the Dungeon here.
The orc wizard points at you and mumbles some strange words.
The magic dart hits you. The orc priest barely misses you.
The orc knight roars a battlecry!
The orcs go into a battle-frenzy!
The orc wizard points at you and mumbles some strange words.
The magic dart hits you!
You climb upwards.
Welcome back to the Dungeon!
There is a staircase to the Orcish Mines here.
You hit the orc priest. You headbutt the orc priest.
The orc priest is moderately wounded.
The orc priest hits you with a +0 short sword.
You hit the orc priest.
You headbutt the orc priest, but do no damage.
The orc priest is severely wounded.
You hit the orc priest but do no damage.
The orc priest is severely wounded.
The orc priest hits you but does no damage.
Your shadow dragon scales prevents you from hitting the orc priest.
The orc priest is severely wounded.
The orc priest closely misses you. You furiously retaliate!
You headbutt the orc priest.
You hit the orc priest but do no damage.
The orc priest is severely wounded.
The orc priest closely misses you. You furiously retaliate!
You headbutt the orc priest!
You kill the orc priest!
You can now pass through a line of other dancers.
No target in view!
Things that are here:
a +0 short sword; a +0 scale mail; an orc corpse You butcher the orc corpse.
u - 3 chunks of flesh
Things that are here:
a +0 short sword; a +0 scale mail; an orc skeleton You can no longer pass through a line of other dancers.
There is a staircase to the Orcish Mines here.
You start resting.
Eating one of 3 chunks of flesh.
You eat one of the 3 chunks of flesh.
This raw flesh tastes great.
Eating one of 2 chunks of flesh.
You eat one of the 2 chunks of flesh.
This raw flesh tastes great.
Eating a chunk of flesh.
You eat the chunk of flesh.
This raw flesh tastes great.
HP restored.
You climb downwards.
Welcome back to the Orcish Mines!
An orc, a troll and an ettin come into view.
The orc is wielding a +2 flail of draining.
The warg bites you! The orc hits you but does no damage. The orc misses you.
You furiously retaliate!
You headbutt the orc!
You kill the orc!
The warg bites you but does no damage.
An orc comes into view.
The orc warrior hits you from afar with a +0 glaive.
The orc knight hits you but does no damage.
There is a staircase back to the Dungeon, spattered with blood here.
The warg barely misses you. You furiously retaliate!
You headbutt the warg.
The orc knight roars a battlecry!
The orcs go into a battle-frenzy!
The orc warrior hits you from afar with a +0 glaive!
The warg bites you!
You hear a shout!
You climb upwards.
Welcome back to the Dungeon!
There is a staircase to the Orcish Mines here.
Really read
t - 3 scrolls of teleportation {!r}?
As you read the scroll of teleportation {!r}, it crumbles to dust.
You feel strangely unstable.
The ettin hits you with a +0 dire flail!!
* * * LOW HITPOINT WARNING * * *
The ettin hits you but does no damage.
The orc knight hits you with a +2 dire flail!!
* * * LOW HITPOINT WARNING * * *
The warg bites you but does no damage.
Okay, then.
Okay, then.
Okay, then.
It was a potion of cancellation.
You feel strangely stable.
You feel magically purged. The warg bites you.
* * * LOW HITPOINT WARNING * * *
The ettin closely misses you.
The ettin hits you with a +0 dire flail!
You die...

#<.††.†.......#####.#.>
#.######.#.##.........#
#.# #.#.............
#.# #.#..#.........#
#.# #.#..#..####.#.#
#.# #.#............#
#.# #............#.#
#.#########.#..######.#
###.#..C@h.).....# #.#
#......o######..## #.#
#.##._..# #..# #.#
#.##...## #..# #.#
#.###.## #..# ###'# #.#
#.# #..# #.#.# #.# #.#
#..# #.#.8 #.# #.# #..#
#.#.# #.# #.#
#..#####.8.#


You could see an orc knight, an ettin and a warg.

Vanquished Creatures
  Pikel (D:7)
  A spiny frog (D:10)
  A komodo dragon (D:9)
  2 trolls (D:9)
  A hornet (D:8)
  5 yaks (D:9)
  3 wargs (D:9 D:10)
  2 water moccasins (D:6 Lair:1)
  Duvessa (D:5)
  A porcupine (Lair:1)
  2 sky beasts (D:7 D:8)
  A black bear (D:9)
  4 ogres (D:7 D:8 D:9 D:10)
  A necrophage (D:8)
  4 centaurs (D:4 D:5 D:6 D:10)
  6 bullfrogs (D:6 D:7 D:8 D:9 Lair:1)
  A wyvern zombie (D:7)
  Dowan (D:5)
  A water moccasin zombie (D:10)
  2 scorpions (D:6 D:10)
  10 killer bees (D:9)
  3 wights (D:7)
  A howler monkey (D:7)
  3 crimson imps (D:6 D:9)
  4 hounds (D:6 D:9 D:10)
  7 orc wizards (D:7 D:8 D:9 D:10)
  A quasit (D:5)
  6 jellies (D:6 D:7 D:9 D:10)
  5 orc priests (D:4 D:7 D:10 D:9)
  4 iguanas (D:7 D:8 D:9)
  3 worker ants (D:6 D:8)
  2 hound skeletons (D:4 D:6)
  A worker ant zombie (D:3)
  8 adders (D:2 D:3 D:6 D:7 D:10)
  3 gnolls (D:1 D:2)
  A howler monkey skeleton (D:4)
  3 shadow imps (D:7 D:9)
  2 oozes (D:3)
  An adder zombie (D:5)
  4 worms (D:2 D:3 D:6)
  2 dart slugs (D:1 D:3)
  4 leopard geckos (D:2 D:6 D:7)
  23 orcs (D:3 D:4 D:7 D:8 D:9)
  2 ball pythons (D:1 D:4)
  3 giant cockroaches (D:1 D:3)
  4 goblins (D:1 D:2)
  7 hobgoblins (D:1 D:3)
  7 jackals (D:2 D:3 D:9)
  3 quokkas (D:2 D:8)
  A ball python skeleton (D:4)
  7 bats (D:1 D:2 D:3)
  5 frilled lizards (D:1 D:2)
  8 kobolds (D:1 D:3)
  A leopard gecko skeleton (D:7)
  5 rats (D:1 D:2 D:3)
195 creatures vanquished.

Vanquished Creatures (others)
  3 slaves (D:8)
  A bullfrog (D:8)
  An orc priest (D:8)
  A hound zombie (D:8)
  2 orcs (D:8)
8 creatures vanquished.

Grand Total: 203 creatures vanquished

Notes
Turn   | Place    | Note
-------+----------+-------------------------------------------
     0 | D:1      | Monsterracer the Minotaur Conjurer began the quest for the
                  | Orb.
     0 | D:1      | Reached XP level 1. HP: 14/14 MP: 1/1
   204 | D:1      | Reached skill level 1 in Axes
   322 | D:1      | Reached skill level 1 in Fighting
   322 | D:1      | Reached XP level 2. HP: 18/23 MP: 3/3
   424 | D:1      | HP: 11/23 [hobgoblin/+0 club (5)]
   739 | D:1      | Reached skill level 2 in Axes
  1130 | D:1      | HP: 11/23 [goblin (1)]
  1131 | D:1      | Reached XP level 3. HP: 13/28 MP: 4/4
  2011 | D:2      | Reached skill level 3 in Axes
  2035 | D:2      | HP: 14/29 [poisoned by an adder]
  2041 | D:2      | HP: 11/29 [poisoned by an adder]
  2048 | D:2      | HP: 8/29 [poisoned by an adder]
  2055 | D:2      | HP: 7/29 [poisoned by an adder]
  2063 | D:2      | HP: 6/29 [poisoned by an adder]
  2494 | D:2      | Reached XP level 4. HP: 36/37 MP: 5/5
  2999 | D:1      | HP: 17/37 [gnoll/+0 whip (8)]
  3229 | D:2      | Reached skill level 4 in Axes
  3675 | D:3      | Found a shadowy altar of Dithmenos.
  3789 | D:3      | Reached XP level 5. HP: 44/45 MP: 6/6
  4088 | D:3      | Found a stormy altar of Qazlal.
  4089 | D:3      | Found a radiant altar of Vehumet.
  4090 | D:3      | Found an ancient bone altar of Kikubaaqudgha.
  4470 | D:4      | HP: 19/45 [orc priest/divine providence (12)]
  4471 | D:4      | Reached skill level 5 in Axes
  4776 | D:4      | Noticed a centaur
  4787 | D:4      | Killed a centaur
  4787 | D:4      | Reached XP level 6. HP: 43/52 MP: 7/7
  5017 | D:5      | Entered Level 5 of the Dungeon
  5039 | D:5      | Reached skill level 6 in Axes
  5233 | D:5      | Noticed Duvessa
  5252 | D:5      | Noticed Dowan
  5308 | D:5      | Killed Duvessa
  5308 | D:5      | Reached skill level 1 in Armour
  5372 | D:5      | Killed Dowan
  5771 | D:5      | Reached skill level 7 in Axes
  5771 | D:5      | Reached XP level 7. HP: 52/60 MP: 8/8
  5982 | D:5      | Got a transparent robe
  6097 | D:5      | Identified the +1 robe "Atziseoz" {MR+ Int+2} (You found it
                  | on level 5 of the Dungeon)
  6129 | D:6      | Reached skill level 5 in Fighting
  6329 | D:6      | Reached skill level 8 in Axes
  6453 | D:6      | Found Oraese Nyul's Book Shop.
  6498 | D:6      | Reached XP level 8. HP: 70/70 MP: 9/9
  6660 | D:6      | Found Zin's Purification Station.
  6664 | D:6      | Found a glowing silver altar of Zin.
  6667 | D:6      | Bought 2 potions of curing for 180 gold pieces
  6684 | D:6      | Found a sacrificial altar of Ru.
  6685 | D:6      | Found a hide-covered altar of Uskayaw.
  6754 | D:6      | Became a worshipper of Uskayaw the Reveler
  6900 | D:6      | Reached * piety under Uskayaw
  7075 | D:7      | Reached ** piety under Uskayaw
  7083 | D:7      | Reached skill level 1 in Invocations
  7084 | D:7      | Reached *** piety under Uskayaw
  7086 | D:7      | Reached **** piety under Uskayaw
  7140 | D:7      | HP: 26/70 [ogre/+0 giant club (20)]
  7142 | D:7      | HP: 11/70 [ogre/+0 giant club (15)]
  7146 | D:7      | Reached skill level 9 in Axes
  7147 | D:7      | HP: 9/70 [leopard gecko skeleton (3)]
  7451 | D:7      | HP: 33/71 [something (7)]
  7835 | D:7      | HP: 35/71 [sky beast (5)]
  7841 | D:7      | HP: 26/71 [sky beast (1)]
  8186 | D:8      | Noticed Pikel
  8210 | D:7      | Killed Pikel
  8210 | D:7      | Reached skill level 10 in Axes
  8210 | D:7      | Reached skill level 5 in Armour
  8210 | D:7      | Reached XP level 9. HP: 70/79 MP: 10/10
  8350 | D:8      | HP: 39/79 [poisoned by a hornet]
  8355 | D:8      | HP: 37/79 [poisoned by a hornet]
  8360 | D:8      | HP: 36/79 [poisoned by a hornet]
  8367 | D:8      | HP: 36/79 [poisoned by a hornet]
  8375 | D:8      | HP: 36/79 [poisoned by a hornet]
  8831 | D:8      | HP: 33/79 [orc warrior/+0 glaive (20)]
  9194 | D:8      | HP: 27/79 [orc warrior/+0 glaive (13)]
  9515 | D:7      | HP: 39/79 [something (4)]
  9904 | D:7      | Found a staircase to the Ecumenical Temple.
 10114 | D:7      | HP: 32/79 [something (8)]
 11025 | D:9      | Noticed a troll
 11029 | D:9      | Killed a troll
 11033 | D:9      | Reached skill level 11 in Axes
 11037 | D:9      | Reached ***** piety under Uskayaw
 11082 | D:9      | Reached skill level 1 in Evocations
 11244 | D:9      | Noticed a troll
 11247 | D:9      | Killed a troll
 11350 | D:9      | Reached XP level 10. HP: 74/87 MP: 12/12
 11375 | D:9      | Reached ****** piety under Uskayaw
 11663 | D:9      | Found a flagged portal.
 11672 | Bailey   | Entered a bailey
 11673 | Bailey   | Noticed an orc knight
 11900 | D:9      | Found a staircase to the Orcish Mines.
 11906 | D:9      | Found a shimmering altar of Xom.
 12368 | D:10     | Entered Level 10 of the Dungeon
 12386 | D:9      | Reached skill level 5 in Invocations
 12559 | D:10     | Found a staircase to the Lair.
 12569 | D:10     | Reached skill level 12 in Axes
 12939 | D:10     | Noticed Gastronok
 13282 | Lair:1   | Entered Level 1 of the Lair of Beasts
 13282 | Lair:1   | Noticed a spiny frog
 13300 | D:10     | Killed a spiny frog
 13317 | D:10     | HP: 40/89 [komodo dragon (6)]
 13321 | D:10     | HP: 15/89 [komodo dragon (21)]
 13633 | D:9      | HP: 36/89 [komodo dragon (22)]
 13636 | D:9      | HP: 3/89 [komodo dragon (26)]
 14418 | D:9      | HP: 44/90 [komodo dragon (15)]
 14458 | D:9      | HP: 44/135 [komodo dragon (12)]
 14720 | Orc:1    | Entered Level 1 of the Orcish Mines
 14720 | Orc:1    | Noticed an orc knight
 14720 | Orc:1    | Noticed an orc sorcerer
 14780 | Orc:1    | Noticed an ettin
 14783 | D:9      | HP: 31/90 [ettin/+0 dire flail (26)]
 14783 | D:9      | HP: 12/90 [orc knight/+2 dire flail (19)]
 14784 | D:9      | Slain by an ettin

Levels and vault maps discovered:
D:1:      dpeg_arrival_arbitrary_a, layout_basic, kennysheep_another_room
D:2:      layout_basic, minmay_quadrilaterals
D:3:      layout_loops_ring, gammafunk_temple_overflow_forgotten,
          nicolae_dithmenos_shadow_blocks, first_ration
D:4:      layout_rooms, small_statue_intersection
D:5:      layout_loops_corners, uniq_duvessa
D:6:      layout_basic, zin_purify, gammafunk_temple_overflow_pools,
          serial_shops, shop, minmay_misc_feat_encased
D:7:      layout_basic, temple_hall
D:8:      layout_loops_cross, uniq_pikel
D:9:      layout_loops_ring, brannock_xom_greatest_gift, orc_0_dummy,
          enter_bailey_8
D:10:     layout_stronghold, erik_lair_orcish_takeover, serial_shops, shop,
          uniq_gastronok
Lair:1:   layout_regular_city
Orc:1:    layout_caves, serial_shops, basic_altar

Skill      XL: |  1  2  3  4  5  6  7  8  9 10 |
---------------+-------------------------------+-----
Axes           | 1 2 3 4 5 7 8 10 11 12 | 12.5
Fighting       | 1 2 3 4 5 7 8 9 |  9.1
Armour         | 2 3 5 6 7 |  7.8
Invocations    | 3 4 5 |  5.5
Evocations     | 2 3 |  3.4
Dodging        | |  2.1
Stealth        | |  1.5
Spellcasting   | |  1.3
Conjurations   | |  2.9

Action                   |  1- 3 |  4- 6 |  7- 9 | 10-12 || total
-------------------------+-------+-------+-------+-------++-------
Melee: Hand axe          |    84 |    25 |       |       ||   109
       Headbutt          |    16 |    18 |    49 |    41 ||   124
       War axe           |       |    95 |   318 |   192 ||   605
 Cast: Magic Dart        |    12 |       |       |       ||    12
Invok: Stomp             |       |       |     3 |       ||     3
       Line Pass         |       |       |     1 |     2 ||     3
Evoke: Wand              |       |       |     7 |     1 ||     8
  Use: Scroll            |       |    11 |     6 |     2 ||    19
       Potion            |       |       |       |     2 ||     2
 Stab: Sleeping          |     3 |       |    12 |     1 ||    16
       Paralysed         |       |       |    13 |     3 ||    16
       Distracted        |       |       |     3 |       ||     3
  Eat: Chunk             |     5 |     4 |    15 |    11 ||    35
       Ration            |       |     2 |     1 |     2 ||     5
Armor: Robe              |    13 |       |       |       ||    13
       Ring mail         |     3 |    49 |       |       ||    52
       Shadow dragon sca |       |     3 |   215 |    93 ||   311
Dodge: Dodged            |    55 |    75 |   136 |    89 ||   355
